 Dungeon Crawl Stone Soup version 0.16-a0-3712-g87ae24a (console) character file.

194 MrRokkomies the Sneak (level 5, 0/37 HPs)
             Began as an Octopode Assassin on Jan 20, 2015.
             Slain by Grinder (2 damage)
             ... on level 3 of the Dungeon.
             The game lasted 00:08:59 (2613 turns).

MrRokkomies the Sneak (Octopode Assassin)           Turns: 2613, Time: 00:08:59

Health: 0/37       AC:  1    Str: 11    XL:     5   Next: 73%
Magic:  5/5        EV: 11    Int: 19    God:
Gold:   132        SH:  0    Dex: 13    Spells: 0 memorised, 4 levels left

rFire  . . .     SeeInvis .     a - +2 dagger
rCold  . . .     Clarity  .     (no shield)
rNeg   . . .     SustAb   .     (helmet restricted)
rPois  .         Gourm    .     (no amulet)
rElec  .         Spirit   .     n - +5 ring of intelligence
rCorr  .         Warding  .     (no ring)
rMut   .         Stasis   .     (no ring)
MR     .....                    (no ring)
Stlth  ++++......               (no ring)
                                (no ring)
                                (no ring)
                                (no ring)

@: not resistant to hostile enchantments, stealthy
A: almost no armour, amphibious, 8 rings, constrict 8, camouflage 1, gelatinous
body 1
a: no special abilities


You were on level 3 of the Dungeon.
You were not hungry.

You visited 1 branch of the dungeon, and saw 3 of its levels.

You collected 132 gold pieces.

Inventory:

Hand weapons
 a - a +2 dagger (weapon)
 b - a +0 blowgun
Missiles
 d - 7 stones
 e - 19 poisoned needles
 f - 2 curare-tipped needles
 s - 7 javelins (quivered)
Jewellery
 n - a +5 ring of intelligence (left tentacle)
Scrolls
 c - 3 scrolls of identify
 h - a scroll of recharging
 m - a scroll of amnesia {unknown}
 o - 2 scrolls of enchant armour {unknown}
 p - a scroll of remove curse {unknown}
 q - a scroll of immolation {unknown}
Potions
 l - a potion of magic
Comestibles
 g - 2 bread rations
 r - 4 fruits


   Skills:
 * Level 4.0 Fighting
 * Level 3.5 Short Blades
 + Level 3.3 Throwing
 - Level 1.0 Dodging
 - Level 5.3 Stealth


You had 4 spell levels left.
You didn't know any spells.

Dungeon Overview and Level Annotations

Branches:
Dungeon (3/15)

Altars:
Ashenzari
Fedhas
Nemelex Xobeh
Qazlal
Xom

Annotations:
D:3 Grinder


Innate Abilities, Weirdness & Mutations

You cannot wear most types of armour.
You are amphibious.
You can wear up to eight rings at the same time.
You can use your tentacles to constrict many enemies at once.
Your skin changes colour to match your surroundings (Stealth).
Your rubbery body absorbs attacks (AC +1).


Message History

You constrict Grinder. Grinder hits you!
* * * LOW HITPOINT WARNING * * *
Drink which item? (? for menu, Esc to quit)
Okay, then.
Read which item? (? for menu, Esc to quit)
Okay, then.
You barely miss Grinder. Your squeeze misses Grinder.
Grinder is heavily wounded.
You constrict Grinder, but do no damage.
Grinder barely misses you.
You hit Grinder but do no damage.
Grinder is heavily wounded.
You constrict Grinder. You hit Grinder.
Grinder is severely wounded.
You constrict Grinder. Grinder misses you.
You hit Grinder. You squeeze Grinder, but do no damage.
Grinder is severely wounded.
You constrict Grinder. Grinder hits you.
You die...

##.## ##.##.# ##.
....#####.##.# #.
..#.......##.# # #.
....########.# .. #. .####
#.# .# #. .# #.# .# #.
.###### #.# .# .. ......#
#.# .# #.# ## #####.# #.#
.# #.# #†# #.####5# #.#
#.# #....@.# #.# #.#
######## #.# # #.# #.# #
#.# ### ########## #.# #
#.# #............## #.# #
#####.###.#
#######...#####.# #
.......##.#
#.....###...<..# #
#####..##.# #.##.##
##.##### # #..##.# #.##.#
#..# #
#####..##.####.##.## ##..#
#
............<..##..###.#.#
#


You could see Grinder.

Vanquished Creatures
  An orc wizard (D:3)
  8 adders
  4 gnolls (D:3)
  3 giant geckos
  2 oozes
  5 orcs
  6 bats
  3 giant cockroaches
  8 hobgoblins
  4 jackals (D:3)
  2 quokkas (D:3)
  2 giant newts
  6 goblins
  6 kobolds
  3 rats
63 creatures vanquished.

Notes
Turn   | Place    | Note
--------------------------------------------------------------
     0 | D:1      | MrRokkomies, the Octopode Assassin, began the quest for the Orb.
     0 | D:1      | Reached XP level 1. HP: 14/14 MP: 1/1
   427 | D:1      | Reached XP level 2. HP: 17/19 MP: 2/2
   752 | D:2      | Reached XP level 3. HP: 23/25 MP: 3/3
   798 | D:2      | Found a shimmering altar of Xom.
   801 | D:2      | Found a shimmering altar of Xom.
  1043 | D:2      | Reached XP level 4. HP: 29/31 MP: 4/4
  1071 | D:2      | Found a shattered altar of Ashenzari.
  1154 | D:2      | Found a blossoming altar of Fedhas.
  1162 | D:2      | Found a stormy altar of Qazlal.
  1234 | D:2      | Found a shimmering altar of Xom.
  1238 | D:2      | Found a shimmering altar of Xom.
  1244 | D:2      | Found a shimmering altar of Xom.
  1286 | D:2      | Found a sparkling altar of Nemelex Xobeh.
  1453 | D:3      | Reached XP level 5. HP: 10/36 MP: 5/5
  1936 | D:3      | Noticed Grinder
  2613 | D:3      | Slain by Grinder

Action                   |  1- 3 |  4- 6 || total
-------------------------+-------+-------++-------
Melee: Dagger            |    36 |    95 ||   131
Throw: Javelin           |     7 |     7 ||    14
  Use: Scroll            |     2 |     3 ||     5
       Potion            |       |     1 ||     1
 Stab: Sleeping          |     6 |    11 ||    17
  Eat: Chunk             |       |     5 ||     5
